AoeStats
← PhilderRohrleger

Black Forest

509167773Analyzed
4v4 RM · 7d ago on Sep 25, 2026· 59m 24s· 8 players
Game mode
Random Map
Map size
Large (8 player)
Population
200
Speed
Normal
Resources
Standard
Victory
Conquest
Starting age
Dark Age
Ending age
Imperial Age
RankedLock teamsTeams togetherTeam positionsShared explorationLock speedFull tech treeHidden civsTurbo modeCheats
Victory
Defeat
🇦🇹 Saracens · Austria
1221
+14
🇩🇪 Franks · Germany
1220
+14
🇩🇪 Celts · Germany
1205
+15
🇦🇷 Lithuanians · Argentina
1159
+20
🇬🇷 Danes · Greece
1217
-16
🇦🇺 Bohemians · Australia
1185
-15
🇬🇷 Hindustanis · Greece
1179
-15
🇬🇷 Italians · Greece
1149
-14
Tetrakis
11:40 Feudal Age
12:26 Loom
15:35 Castle Age
14:08 Double-Bit Axe
20:13 Horse Collar
21:40 Fletching
22:11 Elite Skirmisher
25:18 Bodkin Arrow
27:32 Wheelbarrow
27:13 Bow Saw
28:24 Chemistry
28:01 Padded Archer Armor
27:58 Fishing Lines
29:27 Wheelbarrow
32:08 Hand Cart
34:46 Imperial Age
35:22 Heavy Plow
37:01 Fervor
37:14 Siege Engineers
37:25 Houfnice
39:53 Scale Mail Armor
40:03 Forging
39:16 Pikeman
39:56 Squires
40:40 Wagenburg Tactics
40:56 Conscription
43:17 Bracer
43:32 Leather Archer Armor
42:57 Halberdier
47:12 Ring Archer Armor
47:27 Caravan
49:18 Ballistics
50:45 Two-Man Saw
53:03 Chain Mail Armor
53:25 Iron Casting
55:39 Plate Mail Armor
58:02 Coinage
58:27 Murder Holes
kostas_NRX
1:50 Loom
11:34 Feudal Age
15:19 Castle Age
13:46 Double-Bit Axe
14:05 Horse Collar
14:43 Scale Mail Armor
18:18 Forging
19:15 Gambesons
22:43 Fletching
24:55 Wheelbarrow
26:32 Chain Mail Armor
29:53 Arson
30:09 Squires
34:42 Imperial Age
33:00 Bodkin Arrow
34:29 Iron Casting
34:35 Hamask
36:16 Plate Mail Armor
39:20 Blast Furnace
40:16 Conscription
41:02 Elite Jomsviking
42:16 Heavy Plow
42:39 Bow Saw
54:22 Pikeman
56:26 Padded Archer Armor
56:34 Elite Skirmisher
57:21 Thumb Ring
stelios19857
2:45 Loom
11:13 Feudal Age
15:30 Castle Age
13:42 Double-Bit Axe
13:43 Horse Collar
15:34 Wheelbarrow
16:58 Bow Saw
16:51 Heavy Plow
22:20 Forging
22:31 Gold Mining
24:46 Hand Cart
25:21 Gold Shaft Mining
29:37 Imperial Age
27:46 Bloodlines
27:38 Husbandry
28:22 Iron Casting
27:53 Scale Barding Armor
28:40 Grand Trunk Road
30:10 Chain Barding Armor
31:41 Blast Furnace
30:07 Heavy Camel Rider
32:15 Plate Barding Armor
32:06 Conscription
31:59 Imperial Camel Rider
40:08 Light Cavalry
42:23 Chemistry
41:29 Siege Engineers
42:37 Caravan
43:10 Coinage
42:50 Hussar
46:36 Banking
47:39 Scale Mail Armor
49:13 Chain Mail Armor
49:11 Squires
48:57 Arson
51:20 Two-Man Saw
53:28 Ballistics
53:03 Fletching
53:14 Padded Archer Armor
53:04 Elite Skirmisher
53:54 Thumb Ring
54:16 Bodkin Arrow
55:14 Bracer
59:48 Leather Archer Armor
nisiopi13
1:12 Loom
12:18 Feudal Age
16:53 Castle Age
40:12 Wheelbarrow
46:08 Horse Collar
48:28 Ballistics
48:42 Padded Archer Armor
48:32 Fletching
49:46 Leather Archer Armor
52:04 Imperial Age
50:20 Bodkin Arrow
54:04 Chemistry
57:48 Ring Archer Armor
57:19 Bracer
57:45 Thumb Ring
57:19 Elite Genoese Crossbowman
Dingodan
1:33 Loom
10:38 Feudal Age
11:22 Town Watch
15:32 Man-at-Arms
17:41 Fletching
18:30 Padded Archer Armor
24:42 Castle Age
25:16 Double-Bit Axe
25:14 Horse Collar
25:28 Gold Mining
25:30 Stone Mining
26:45 Bow Saw
28:22 Wheelbarrow
28:08 Heavy Plow
33:03 Fortified Wall
35:37 Imperial Age
35:11 Hand Cart
35:44 Bodkin Arrow
37:30 Parthian Tactics
37:11 Thumb Ring
38:26 Heavy Cavalry Archer
39:29 Bracer
40:33 Chemistry
39:54 Ballistics
41:54 Caravan
43:24 Leather Archer Armor
42:35 Onager
44:38 Bloodlines
44:28 Husbandry
44:25 Heavy Camel Rider
44:43 Light Cavalry
46:16 Town Patrol
46:30 Masonry
46:16 Murder Holes
45:55 Hussar
46:29 Siege Onager
48:25 Ring Archer Armor
55:16 Scale Barding Armor
55:22 Forging
55:28 Forging
56:43 Capped Ram
57:57 Chain Barding Armor
58:15 Iron Casting
57:43 Siege Ram
pini
12:57 Feudal Age
16:36 Castle Age
14:39 Fishing Lines
15:04 Double-Bit Axe
19:19 Wheelbarrow
20:37 Gillnets
20:45 Horse Collar
21:27 Bow Saw
24:39 Hand Cart
26:10 Town Watch
26:55 Forging
26:45 Scale Mail Armor
28:24 Scale Mail Armor
28:59 Iron Casting
29:07 Heavy Plow
29:00 Gold Mining
29:01 Stone Mining
30:52 Chain Mail Armor
34:06 Imperial Age
32:07 Fletching
32:17 Loom
32:34 Town Patrol
33:39 Murder Holes
34:07 Ballistics
35:13 Conscription
36:09 Blast Furnace
35:43 Elite Woad Raider
37:31 Furor Celtica
39:15 Plate Mail Armor
39:41 Arson
39:42 Gambesons
39:18 Pikeman
43:01 Gold Shaft Mining
43:17 Heavy Scorpion
44:34 Hoardings
43:36 Halberdier
44:46 Light Cavalry
45:27 Husbandry
45:33 Scale Barding Armor
45:26 Bodkin Arrow
46:55 Chain Barding Armor
47:06 Hussar
47:46 Man-at-Arms
49:08 Long Swordsman
50:59 Caravan
51:32 Coinage
51:16 Guilds
50:43 Two-Handed Swordsman
52:32 Champion
54:14 Capped Ram
56:04 Siege Ram
57:29 Banking
Lauta_mdp
6:56 Loom
10:55 Loom
14:25 Feudal Age
15:24 Double-Bit Axe
18:44 Castle Age
20:18 Bow Saw
20:04 Gold Mining
23:06 Wheelbarrow
26:15 Imperial Age
24:37 Fletching
28:04 Bloodlines
27:55 Husbandry
28:07 Forging
28:03 Scale Barding Armor
28:27 Fervor
29:39 Iron Casting
29:00 Bodkin Arrow
31:58 Conscription
34:30 Stone Mining
35:56 Chain Barding Armor
37:07 Elite Leitis
39:28 Bracer
39:43 Thumb Ring
40:22 Hand Cart
40:33 Ballistics
40:58 Plate Barding Armor
40:08 Fishing Lines
40:45 Padded Archer Armor
42:19 Two-Man Saw
42:37 Chemistry
42:25 Horse Collar
42:32 Heavy Cavalry Archer
46:55 Guilds
47:21 Light Cavalry
48:27 Winged Hussar
52:22 Caravan
PhilderRohrleger
1:11 Loom
11:38 Feudal Age
16:08 Castle Age
14:23 Double-Bit Axe
14:56 Stone Mining
17:11 Fletching
17:35 Bow Saw
17:17 Gold Mining
18:35 Bodkin Arrow
19:45 Padded Archer Armor
26:27 Wheelbarrow
28:16 Leather Archer Armor
28:02 Scale Mail Armor
30:21 Husbandry
30:46 Chain Mail Armor
30:53 Hand Cart
37:01 Imperial Age
34:33 Town Watch
37:53 Ballistics
37:13 Heavy Mounted Crossbowman
37:15 Cranequins
39:18 Plate Mail Armor
39:52 Pikeman
40:34 Squires
42:53 Chemistry
42:07 Masonry
42:36 Arson
43:12 Forging
43:11 Halberdier
49:13 Conscription
58:03 Iron Casting
Connection lost

Rejoining the realm…

Still unreachable

The connection could not be restored.

Session expired

The server has moved on; the page needs a fresh start.